 Dungeon Crawl Stone Soup version 0.27.0-1-g7a089689b8 (webtiles) character file.

Game seed: 15879209531096141683

448 mhtbhm the Chopper (level 6, -10/82 HPs)
             Began as a Minotaur Fighter on Aug 2, 2021.
             Was a Believer of Wu Jian.
             Killed by divine providence
             ... invoked by an orc priest
              (16 damage)
             ... on level 4 of the Dungeon.
             The game lasted 00:06:13 (2667 turns).

mhtbhm the Chopper (Minotaur Fighter)               Turns: 2667, Time: 00:06:13

Health: -10/82     AC: 23    Str: 23    XL:     6   Next: 73%
Magic:  14/14      EV:  2    Int:  5    God:    Wu Jian [**....]
Gold:   80         SH: 10    Dex:  9    Spells: 5/5 levels left

rFire    . . .     SeeInvis .   a - +0 war axe
rCold    . . .     Faith    .   c - +0 kite shield
rNeg     + + +     Spirit   .   (armour currently unavailable)
rPois    +         Reflect  .   (helmet currently unavailable)
rElec    .         Harm     .   (cloak currently unavailable)
rCorr    .         Rampage  .   (gloves currently unavailable)
Will     .....     NoTele   +   (boots currently unavailable)
Stlth    +.........             (no amulet)
HPRegen  0.23/turn              k - ring of magical power
MPRegen  0.14/turn              (no ring)

@: tree-form
A: stationary, stasis, torment immunity, boosted hp, (horns 2), (retaliatory
headbutt)
a: Renounce Religion, Wall Jump


You were on level 4 of the Dungeon.
You worshipped Wu Jian.
Wu Jian was pleased with you.
You were a tree.
You visited 1 branch of the dungeon, and saw 5 of its levels.

You collected 100 gold pieces.
You spent 20 gold pieces at shops.

Inventory:

Hand Weapons
 a - a +0 war axe (weapon)
Missiles
 h - a silver javelin (quivered)
Armour
 b - a +3 ring mail (melded)
 c - a +0 kite shield (worn)
Jewellery
 d - a ring of protection from cold
 k - a ring of magical power (left branch)
 l - an amulet of regeneration
Wands
 m - a wand of paralysis (9)
Scrolls
 e - a scroll of immolation
 j - a scroll of enchant armour {unknown}
Potions
 i - a potion of invisibility {unknown}


   Skills:
 + Level 4.8 Fighting
 + Level 5.3 Axes
 + Level 5.2 Armour
 + Level 2.4 Dodging
 + Level 0.2 Stealth
 + Level 5.2 Shields


You had 5 spell levels left.
You didn't know any spells.
Your spell library contained the following spells:

 Spells                   Type           Power      Damage    Failure   Level
 Call Canine Familiar     Summ           0%         N/A       99%         3
 Portal Projectile        Hex/Tloc       0%         N/A       99%         3
 Leda's Liquefaction      Hex/Erth       0%         N/A       100%        4


Dungeon Overview and Level Annotations

Branches:
Dungeon (5/15)
 Temple: D:4-7

Altars:
Wu Jian
The Shining One
Beogh

Shops:
D:2 =?:*

Annotations:
D:3 Natasha


Innate Abilities, Weirdness & Mutations

You are a tree.
Your roots penetrate the ground, keeping you stationary.
You cannot be teleported.
You are immune to unholy pain and torment.
Your maximum health is greatly increased.
Your equipment is partially melded.
((You have a pair of horns on your head.))
((You reflexively headbutt those who attack you in melee.))


Message History

You barely miss the orc. The orc hits you with a +0 short sword.
You block the orc priest's attack. The orc closely misses you.
You closely miss the orc priest.
The orc priest is lightly wounded.
You barely miss the orc.
The orc priest looks braver for a moment.
You block the orc's attack.
The orc priest invokes the aid of Beogh against you.
Pain shoots through your body!
You closely miss the orc priest.
The orc priest is lightly wounded.
You barely miss the orc. The orc barely misses you.
The orc priest hits you but does no damage.
You block the orc's attack.
You barely miss the orc priest.
The orc priest is lightly wounded.
You closely miss the orc. The orc priest barely misses you.
You block the orc's attack.
The orc priest invokes the aid of Beogh against you.
Beogh smites you!
* * * LOW HITPOINT WARNING * * *
The orc priest hits you with a +0 short sword.
* * * LOW HITPOINT WARNING * * *
Really quaff the potion of lignification?
You turn into a tree.
Your +3 ring mail melds into your body.
Your roots penetrate the ground.
The orc hits you with a +0 short sword.
* * * LOW HITPOINT WARNING * * *
The orc priest looks braver for a moment. x2
You closely miss the orc priest.
The orc priest is lightly wounded.
You hit the orc but do no damage. You block the orc's attack.
The orc priest hits you but does no damage.
The orc hits you but does no damage.
Unknown command.
You slash the orc priest!
The orc priest is almost dead.
You hit the orc but do no damage. You block the orc priest's attack.
The orc priest calls down the wrath of Beogh upon you.
Beogh smites you!
You die...

.# .......####.......
..# #.......#.......#
...###...........<....#
#...##....)........#
####...............##
....................#
.....(.....#.......##
.............#...###
..#........###.o♣#
.##........#...#o# ###
..........##...#o# .$.##
..............##o#.8.8$#
##...####.....##o'ooo$_#
......# #.#..#####.8$8.#
.......#..###.# #$$$##
..........# .# ####
..#......## ..


You could see 2 orc priests and 3 orcs.

Vanquished Creatures
  A phantom (D:5)
  2 scorpions
  A water moccasin skeleton (D:5)
  A howler monkey (D:4)
  2 hounds
  A hound zombie (D:5)
  4 adders
  A worm (D:4)
  A dart slug (D:1)
  4 orcs
  4 ball pythons
  2 bats (D:2)
  6 endoplasms
  A giant cockroach (D:4)
  5 goblins
  3 hobgoblins
  2 quokkas
  4 frilled lizards
  6 kobolds
  4 rats
55 creatures vanquished.

Notes
Turn   | Place    | Note
-------+----------+-------------------------------------------
     0 | D:1      | mhtbhm the Minotaur Fighter began the quest for the Orb.
     0 | D:1      | Reached XP level 1. HP: 19/19 MP: 0/0
   350 | D:1      | Reached XP level 2. HP: 27/27 MP: 1/1
   755 | D:2      | Found Ecuribroqej's General Store.
   863 | D:2      | Bought a scroll of identify for 20 gold pieces
   881 | D:2      | Reached XP level 3. HP: 30/33 MP: 2/2
   920 | D:2      | Found Dihuerat's Magic Scroll Shop.
  1367 | D:2      | Found a glowing golden altar of the Shining One.
  1595 | D:2      | Found Bemiroen's Book Emporium.
  1654 | D:2      | Found Hinicoc's Jewellery Shop.
  1719 | D:2      | Found a faded altar of an unknown god.
  1975 | D:2      | Became a worshipper of the Wu Jian Council
  1975 | D:2      | Reached * piety under Wu Jian
  2352 | D:3      | Noticed Natasha
  2353 | D:3      | You fall into a shaft and drop 2 floors!
  2353 | D:5      | Entered Level 5 of the Dungeon
  2387 | D:5      | Noticed a scorpion
  2390 | D:5      | Noticed a phantom
  2391 | D:5      | Reached skill level 1 in Dodging
  2391 | D:5      | Reached XP level 4. HP: 34/40 MP: 3/3
  2392 | D:5      | Killed a scorpion
  2393 | D:5      | Reached XP level 5. HP: 27/46 MP: 4/4
  2403 | D:5      | Killed a phantom
  2404 | D:5      | Reached skill level 5 in Axes
  2404 | D:5      | Reached skill level 5 in Armour
  2404 | D:5      | Reached skill level 5 in Shields
  2404 | D:5      | Reached XP level 6. HP: 22/52 MP: 5/5
  2485 | D:4      | Reached ** piety under Wu Jian
  2667 | D:4      | Killed from afar by an orc priest

Illustrated notes

Levels and vault maps discovered:
D:1:      moated_graveyard_arrival, layout_basic, minivault_14
D:2:      layout_rooms, basic_altar, serial_shops, shop_statue, shop, shop,
          shop, hellmonk_ecumenical_altar_zigzags, corner_web_ring
D:3:      layout_loops_cross, uniq_natasha
D:4:      layout_cave_pools, cheibrodos_sewer_entry_bend, kennysheep_orc_chapel,
          uniq_sigmund
D:5:      layout_layer_cave

Skill      XL: |  1  2  3  4  5  6 |
---------------+-------------------+-----
Shields        | 4 5 |  5.2
Axes           | 3 4 5 |  5.3
Armour         | 4 5 |  5.2
Fighting       | 4 |  4.8
Dodging        | 1 2 |  2.4
Stealth        | |  0.2

Action                   |  1- 3 |  4- 6 || total
-------------------------+-------+-------++-------
Melee: War axe           |    99 |    52 ||   151
       Headbutt          |    10 |     9 ||    19
Throw: Javelin           |       |     1 ||     1
Invok: Lunge             |     7 |     3 ||    10
       Whirlwind         |       |     3 ||     3
  Use: Scroll            |     2 |     3 ||     5
       Potion            |       |     3 ||     3
Armor: Ring mail         |    44 |    21 ||    65
       Scale mail        |     1 |       ||     1
       Skin              |       |     2 ||     2
Dodge: Dodged            |    28 |    17 ||    45
Block: Kite shield       |    50 |    34 ||    84
